Description

This is a textbook replay and build order of a simple gladept opening that does a sharp pressure whilst securing a very early 3rd. This is one of the safest and most solid build orders in the book. The Daily attached goes over the many details that go into making you solid defensively vs the huge range of attacks zerg can throw at you.

Build Summary

  • 15 pylon (wall -off at natural - refer to this guide: https://www.youtube.com/watch?v=2WbIhB2hryU
  • 16 Gate
  • 17 Gas
  • 19 Nexus
  • 20 Core
  • 21 2nd gas
  • 22 2nd pylon
  • Adept (chrono) + warpgate research
  • Nonstop adept production until you have 4
  • @100 gas Twilight council
  • @twilight council start resonating glaives and swap chronoboost onto glaives and warpgate research
  • @300minerals Start 2nd + 3rd gate
  • 3:40 - 2 pylons at 3rd
  • @400 minerals - 3rd base (~3:50-4:00) THEN start mocore
  • @100% Warpgate, turn all gates into warpgates and warp in 3 adepts
  • Go pressure with 6-7 adepts whilst mocore goes to defend 3rd base
  • Drop tech structure (SG, Robo, double robo/sg, whatever you like, followed by 4 more gates for safety. This is just an opening guide and is flexible past the adept pressure, up to you what transition you go for.

P.S. The only thing missing is my 2nd adept checking for an overlord preparing to drop.

VOD

https://www.youtube.com/watch?v=qnylmky7IWk

Replay - pvz gladept 3rd opening

Build Order

Get SALT Encoding   

  12  0:01  Probe (Chrono Boost)  
  13  0:11  Probe (Chrono Boost)  
  14  0:20  Pylon  
  14  0:23  Probe (Chrono Boost)  
  15  0:38  Probe (Chrono Boost)  
  15  0:41  Gateway  
  16  0:46  Assimilator  
  16  0:49  Probe (Chrono Boost)  
  17  1:00  Probe (Chrono Boost)  
  18  1:11  Probe (Chrono Boost)  
  19  1:22  Nexus  
  19  1:25  Probe (Chrono Boost)  
  20  1:34  Cybernetics Core  
  20  1:37  Probe (Chrono Boost)  
  21  1:42  Assimilator  
  21  1:47  Probe (Chrono Boost)  
  21  1:53  Pylon  
  23  2:03  Warp Gate  
  23  2:07  Adept  
  26  2:27  Twilight Council  
  27  2:31  Adept  
  33  2:51  Resonating Glaives  
  34  2:59  Adept  
  37  3:12  Gateway x2  
  40  3:26  Adept  
  43  3:31  Pylon  
  44  3:39  Pylon  
  46  3:54  Nexus  
  46  4:02  Mothership Core (Chrono Boost)  
  49  4:09  Adept x3  
  56  4:21  Assimilator x2  
  57  4:26  Robotics Facility  
  57  4:30  Gateway x3  
Spawning Tool Build Advisor. Get it on Overwolf

Analysis

Details of Defending the Bullshit

  • Wedge Units in between minerals and chokes, 2 adepts in between minerals at the 3rd base as you’re taking it.
  • Always keep a unit in your choke once ling speed is done. You might choose to bring all 7 adepts for your pressure when glaives finishing if you want to take the risk and know you have more warpins soon.
  • Extra pylons at your 3rd/natural wherever they’re attacking - they’ll be the first things targetted down and you’ll need more options for overcharge as well as more supply so you can keep producing
  • Hold position your guy in your wall
  • Always send 2nd/3rd adept or a probe to check for a ling drop - don’t rely on a pylon to cover an entire side of your base
  • Keep warping in during the action
  • Steadily fall back and use choke points/mineral line area to avoid being surrounded by lings
  • As you pull back it buys you apm to focus on warping in, dropping pylons/extra gates etc.
  • Stutter step if your adepts are ever focusing on roaches - this way they will “re-target” more effectively on the lings - lings are the big damage dealers
  • Add extra gates as soon as the zerg shows an aggressive stance - and normally go up to 7 gates soon after dropping your 2nd tech structure (TC is your first).
  • “Sim City” Wall off your natural if they’re trying to break you there.
  • Also if they ever move between your 3rd/natural, don’t get lured into the open, just build gateways to fully wall off your natural and stay in the tight chokes around your 3rd mineral line
  • Remember all you need to do is buy time! Your units are so much more valuable and as your numbers grow the zerg units will be ineffective
  • Never give up! Even losing a 3rd isn’t a death sentence - you usually still have a bigger economy and can retake it
  • Shading adepts out front to get forward warning of attacks is a nice way to use bonus APM
  • MSC should float out front a bit for forward warning of incoming attacks - every extra second to react is vital

    - As soon as you stabilise drop a templar archives. You will have banked gas from building so many adepts and focusing on defence so archons are a perfect way to spend your cash and give you a bit of beef to counter push with

Go to:

Details

  • Created by: PiG      
  • Published on: Feb 06, 2017
  • Patch: 3.8.0
Show
View Real Time Build Order
Export as new Build Order

Comments (1)

On Feb. 12, 2017, 4:31 p.m., Atlas  said:

Thanks for this great build! What you're adding back into this community after Day 9 left is really appreciated.

Create an account to comment!